[Event "Late-Titled-Tuesday-Blitz-September-26-2023"]
[Site "Chess.com"]
[Date "2023.09.26"]
[Round "5"]
[White "Druid24"]
[Black "Sanan_Sjugirov"]
[Result "1-0"]
[WhiteElo "2707"]
[BlackElo "2973"]
[TimeControl "180+1"]
[EndTime "14:55:07 PDT"]
[Termination "Druid24 won on time"]

1. e4 c5 2. Nc3 Nc6 3. Bb5 Nd4 4. Bc4 a6 5. Nge2 e6 6. d3 Nc6 7. O-O Nf6 8. a4 Be7 9. d4 cxd4 10. Nxd4 Qc7 11. Nxc6 bxc6 12. Qe2 d5 13. Bd3 O-O 14. Bg5 Bd8 15. Rae1 Bb7 16. e5 Nd7 17. Bf4 Re8 18. Qh5 Nf8 19. Ne2 c5 20. c3 Qe7 21. Bg3 Qd7 22. f4 g6 23. Qh6 Qxa4 24. Bh4 Bxh4 25. Qxh4 Qd7 26. g4 d4 27. Ng3 dxc3 28. Be4 Rab8 29.
bxc3 Qd2 30. Bxb7 Qxc3 31. Ne4 Qd4+ 32. Kg2 Red8 33. Nf6+ Kh8 34. Bf3 Rb2+ 35. Re2 Rxe2+ 36. Bxe2 Qb2 37. Rf2 Rd2 38. Bf3 Rxf2+ 39. Qxf2 Qb4 40. Qh4 c4 41. Ne4 c3 42. Qd8 c2 43. Qc8 1-0

[Event "Late-Titled-Tuesday-Blitz-September-26-2023"]
[Site "Chess.com"]
[Date "2023.09.26"]
[Round "5"]
[White "ChristopherYoo"]
[Black "Harsha_Bharathakoti"]
[Result "1-0"]
[WhiteElo "3011"]
[BlackElo "2896"]
[TimeControl "180+1"]
[EndTime "14:55:10 PDT"]
[Termination "ChristopherYoo won by resignation"]

1. Nf3 d5 2. e3 Nf6 3. c4 e6 4.
g3 Bd6 5. b3 O-O 6. Bg2 c6 7. Bb2 Re8 8. d4 b6 9. O-O Bb7 10. Nc3 Nbd7 11. Qc2 Qe7 12. Rad1 Rad8 13. Rfe1 Ba3 14. Bxa3 Qxa3 15. Qc1 Qxc1 16. Rxc1 a6 17. Red1 Rc8 18. Ne1 Red8 19. Nd3 Rc7 20. cxd5 cxd5 21. Nxd5 Nxd5 22. Rxc7 Nxc7 23. Bxb7 Rb8 24. Bf3 Nf6 25. Rc1 Nfe8 26. Ne5 b5 27. Nd7 Rd8 28. Nc5 Kf8 29. a4 bxa4 30. bxa4 Ke7 31. Rb1 Nd6 32. Rb6 a5 33.
Nb3 Nd5 34. Ra6 Rb8 35. Bxd5 exd5 36. Nxa5 Rb1+ 37. Kg2 Ne4 38. Nc6+ Ke8 39. Ra8+ Kd7 40. Ne5+ Ke6 41. Ra6+ Ke7 42. Ra7+ Ke6 43. Rxf7 Ra1 44. Rxg7 Ra2 45. Nd3 Rxa4 46. Rxh7 Ra2 47. Nc5+ 1-0

[Event "Late-Titled-Tuesday-Blitz-September-26-2023"]
[Site "Chess.com"]
[Date "2023.09.26"]
[Round "5"]
[White "Jospem"]
[Black "Agibileg"]
[Result "1-0"]
[WhiteElo "2988"]
[BlackElo "2690"]
[TimeControl "180+1"]
[EndTime "14:55:10 PDT"]
[Termination "Jospem won on time"]

1. e4 e5 2. Nf3 Nc6 3. Nc3 Nf6 4. h3 Bc5 5. Nxe5 Nxe5 6. d4 Bb4 7. dxe5 Nxe4 8.
Qd4 Bxc3+ 9. bxc3 d5 10. exd6 O-O 11. dxc7 Qxc7 12. Bd3 Qxc3+ 13. Qxc3 Nxc3 14. O-O Be6 15. a3 Rac8 16. Bd2 Rfd8 17. Rfe1 h6 18. a4 Rc6 19. a5 Bc4 20. Re3 Bxd3 21. Rxd3 Rxd3 22. cxd3 Nd5 23. Kf1 b6 24. Ke2 Kf8 25. d4 Ke7 26. Kd3 Kd6 27. Rb1 bxa5 28. Bxa5 Ra6 29. Rb5 Nf4+ 30.
Ke4 Nxg2 31. Bb4+ Kc6 32. Rc5+ Kd7 33. Rd5+ Ke6 34. Rd8 Kf6 35. d5 Ra4 36. Rb8 a5 37. Rb6+ Kg5 38. d6 Nf4 39. d7 Ne6 40. Rxe6 Rxb4+ 41. Ke3 Rb3+ 42. Ke2 Rb2+ 43. Kd1 fxe6 44. d8=Q+ Kg6 45.
Qd3+ Kf7 46. Qd7+ 1-0

[Event "Late-Titled-Tuesday-Blitz-September-26-2023"]
[Site "Chess.com"]
[Date "2023.09.26"]
[Round "5"]
[White "Thjop"]
[Black "EsmeraldasAnderson03"]
[Result "1-0"]
[WhiteElo "2607"]
[BlackElo "2428"]
[TimeControl "180+1"]
[EndTime "14:55:11 PDT"]
[Termination "Thjop won on time"]

1. e4 c5 2. Nf3 d6 3. g3 Nf6 4. d3 g6 5. Bg2 Bg7 6. O-O O-O 7.
h3 Nc6 8. Nc3 a6 9. a4 Nb4 10. Be3 e5 11. Nd2 Nh5 12. Nc4 Be6 13. Nd5 b5 14. axb5 axb5 15. Rxa8 Qxa8 16. Nxd6 Nxd5 17. exd5 Bxd5 18. Bxd5 Qxd5 19. Nxb5 f5 20. Nc3 Qc6 21. Kh2 f4 22. Bd2 Qb7 23. b3 Qf7 24. g4 Nf6 25. Qf3 Qa7 26. Re1 h5 27. g5 Ne8 28. h4 Rf7 29. Kg2 Nd6 30. Qd5 Nf5 31.
Kh3 Kh7 32. Ne4 Qc7 33. Rh1 Qc8 34. Kg2 Nd4 35. f3 Nxf3 36. Kxf3 Qg4+ 37. Kf2 f3 38. Rh2 Ra7 39. Nf6+ Bxf6 40. gxf6 Qf5 41. Qxf3 Qe6 42. Rg2 Rf7 43. Bg5 Qd6 44. Qe4 Qe6 45. Kg3 Rf8 46. Kh2 Qf7 47. Qxe5 Re8 48. Qxc5 Re1 49.
Rf2 Qd7 50. f7 Qg4 51. Rg2 1-0

[Event "Late-Titled-Tuesday-Blitz-September-26-2023"]
[Site "Chess.com"]
[Date "2023.09.26"]
[Round "5"]
[White "Goryachkina"]
[Black "Slovak_fighter2000"]
[Result "1-0"]
[WhiteElo "2661"]
[BlackElo "2458"]
[TimeControl "180+1"]
[EndTime "14:55:12 PDT"]
[Termination "Goryachkina won by resignation"]

1. e4 e6 2. d4 d5 3. Nc3 Nf6 4. Bg5 Be7 5. e5 Nfd7 6. h4 h6 7. Bxe7 Qxe7 8. Qg4 O-O 9. f4 c5 10.
Nf3 Nc6 11. O-O-O cxd4 12. Nxd4 Nxd4 13. Rxd4 f6 14. exf6 Qxf6 15. Qd1 Nb8 16. g3 Nc6 17. Rd2 d4 18. Ne4 Qe7 19. Bc4 Qb4 20. Bb3 a5 21. a3 Qb6 22. Re1 Kh8 23. Kb1 a4 24. Ba2 e5 25.
Nd6 Bf5 26. fxe5 Bg6 27. h5 Bf5 28. g4 Bh7 29. Nf7+ Rxf7 30. Bxf7 Rc8 31. Be6 Rd8 32. Bf5 Bg8 33. e6 Ne7 34. Rd3 Rd6 35. Qe2 Rc6 36.
Qe5 Rd6 37. Red1 Rd5 38. Qe4 Rb5 39. Qxd4 Qc6 40. Qd6 Qxd6 41. Rxd6 Nxf5 42. gxf5 Rxf5 43. Re1 Rf8 44. e7 Re8 45. Rd8 Bf7 46. Rf1 Bxh5 47. Rxe8+ 1-0

[Event "Late-Titled-Tuesday-Blitz-September-26-2023"]
[Site "Chess.com"]
[Date "2023.09.26"]
[Round "5"]
[White "McCarthyStone"]
[Black "DonJuanEGenaro"]
[Result "1-0"]
[WhiteElo "2400"]
[BlackElo "1865"]
[TimeControl "180+1"]
[EndTime "14:55:12 PDT"]
[Termination "McCarthyStone won on time"]

1. e4 c5 2. Nf3 Nc6 3. Nc3 d6 4. d4 cxd4 5. Nxd4 Nf6 6. Nb3 e5 7. f4 Be7 8. Be2 h5 9. O-O Ng4 10. Nd5 Be6 11. h3 Bxd5 12. exd5 Qb6+ 13. Kh1 Nd8 14. Bxg4 hxg4 15. Qxg4 g6 16. c4 Rh4 17. Qf3 f5 18. fxe5 dxe5 19. Be3 Qf6 20. Rae1 Rxc4 21. Qe2 Rac8 22. Na5 Rc2 23. Qb5+ Kf7 24. Nxb7 Rb8 25. Nxd8+ Rxd8 26. d6 Qxd6 27. Qb3+ Kf6 28. Qxc2 Qd3 29.
Qxd3 Rxd3 30. Bxa7 Rd2 31. Rf2 Rd3 32. a3 e4 33. Be3 Rb3 34. Bd4+ Ke6 35. Rc2 Bd6 36.
Rc6 Kd5 37. Rxd6+ Kxd6 38. Bc3 Ke6 39. Kh2 Kd5 40. h4 f4 41. Kh3 Rb7 42. Rd1+ Ke6 43.
Kg4 Rf7 44. Rf1 e3 45. Rxf4 Rc7 46. Re4+ Kd5 47. Rxe3 Rc4+ 48. Kg5 1-0

[Event "Late-Titled-Tuesday-Blitz-September-26-2023"]
[Site "Chess.com"]
[Date "2023.09.26"]
[Round "5"]
[White "Sacbutt"]
[Black "Mariia89"]
[Result "1/2-1/2"]
[WhiteElo "2265"]
[BlackElo "2081"]
[TimeControl "180+1"]
[EndTime "14:55:14 PDT"]
[Termination "Game drawn by repetition"]

1. e4 c6 2. d4 d5 3. Nc3 dxe4 4. Nxe4 Nf6 5. Nxf6+ exf6 6. Nf3 Be7 7. Be2 O-O 8. O-O Bg4 9. h3 Bh5 10. c3 Na6 11.
Bf4 Nc7 12. Bg3 Re8 13. Re1 Nd5 14. Qb3 Qb6 15. Qc2 Bg6 16. Qb3 Bf8 17. Qxb6 axb6 18. a3 b5 19. Nh4 Be4 20. f3 Bg6 21. Nxg6 hxg6 22. Bd3 f5 23. Rxe8 Rxe8 24. Re1 Rxe1+ 25. Bxe1 Bd6 26. g3 Kf8 27. Kf2 Ke7 28. Bd2 Ke6 29.
c4 bxc4 30. Bxc4 b5 31. Bb3 Bc7 32. a4 bxa4 33. Bxa4 Bb6 34. Bc3 Kd6 35. Bb3 Nxc3 36. bxc3 f6 37. Bc2 Ke6 38. Ke3 g5 39. Bb3+ Kd6 40. g4 f4+ 41. Ke4 Ba5 42. c4 Bc3 43. d5 cxd5+ 44. cxd5 Be5 45. Ba4 Ke7 46. Bc6 Kd6 47.
Kf5 Ke7 48. Kg6 Kf8 49. Bd7 Bd6 50. Bf5 Be5 51. Be6 Bd6 52. Kh5 Be5 53. h4 gxh4 54.
Kxh4 g5+ 55. Kh5 Ke7 56. Kg6 Kd6 57. Kf7 Bd4 58. Ke8 Be5 59. Kf7 Bd4 60. Kg6 Be5 61. Kf5 Bd4 62. Ke4 Be5 63. Kd3 Ba1 64. Kc4 Be5 65. Kd3 Ba1 66. Ke4 Be5 67. Kd3 1/2-1/2

[Event "Late-Titled-Tuesday-Blitz-September-26-2023"]
[Site "Chess.com"]
[Date "2023.09.26"]
[Round "5"]
[White "Korchmar_Vasiliy"]
[Black "GMBenjaminBok"]
[Result "0-1"]
[WhiteElo "2685"]
[BlackElo "2969"]
[TimeControl "180+1"]
[EndTime "14:55:15 PDT"]
[Termination "GMBenjaminBok won by resignation"]

1. e4 c5 2. d4 cxd4 3. Qxd4 Nc6 4. Qd3 g6 5. Nc3 Bg7 6. Nf3 Nf6 7. Be2 O-O 8. O-O d6 9. Nd5 Nd7 10. c3 Nc5 11.
Qc2 e6 12. Ne3 Qe7 13. Rd1 Rd8 14. b4 Nd7 15. Bb2 b6 16. a3 Bb7 17. c4 Nde5 18. Rd2 a5 19. Nxe5 Bxe5 20. b5 Bxb2 21. Qxb2 Ne5 22. f4 Nd7 23. Ng4 h5 24. Nf2 Nc5 25. Bf3 Rac8 26. Rad1 Rd7 27. Kh1 Rcd8 28. Qc3 Qf8 29.
Qe3 Qg7 30. Nh3 Qf6 31. Ng5 e5 32. f5 gxf5 33. Bxh5 f4 34. Qh3 Qxg5 35. Bg4 Bxe4 36.
Bxd7 Rxd7 37. Rxd6 Rxd6 38. Rxd6 Kg7 39. Rxb6 Nd3 40.
Kg1 Ne1 41. Rb8 Bh7 42. b6 e4 43. b7 Qc5+ 44. Kh1 Nd3 45. Qg4+ Bg6 46. Rg8+ Kxg8 47.
b8=Q+ Kg7 48. Qgc8 Nf2+ 49. Kg1 Nh3+ 0-1

[Event "Late-Titled-Tuesday-Blitz-September-26-2023"]
[Site "Chess.com"]
[Date "2023.09.26"]
[Round "5"]
[White "ShiroglanTalibov"]
[Black "Hikaru"]
[Result "1-0"]
[WhiteElo "2858"]
[BlackElo "3175"]
[TimeControl "180+1"]
[EndTime "14:55:15 PDT"]
[Termination "ShiroglanTalibov won on time"]

1. e4 a6 2. h4 c5 3. b3 e5 4. c4 d6 5. Nc3 f5 6. g3 Nc6 7.
Bg2 Nf6 8. d3 Be6 9. Bg5 Qa5 10.
Ne2 fxe4 11. dxe4 Be7 12. O-O O-O 13. Nd5 Qd8 14. Bxf6 Bxf6 15. Kh2 Kh8 16. Bh3 Bg8 17. f3 b5 18. Rc1 Rb8 19. Kg2 g6 20. Qd2 Bg7 21.
h5 gxh5 22. Bf5 bxc4 23. bxc4 Ne7 24. Nxe7 Qxe7 25. Rh1 Bf7 26. Nc3 Rg8 27. Nd5 Qf8 28.
Rc2 Bh6 29. Qa5 Bg5 30. Qxa6 h4 31. g4 h5 32. Qa7 Rg7 33. Qa5 Bg6 34. Kh3 Bxf5 35.
exf5 e4 36. Qa3 exf3 37. Qxf3 Bd8 38. Rg1 Rg5 39. Rcg2 Rb7 40. gxh5 Rbg7 41. Rxg5 Bxg5 42. Qc3 Bf6 43. Qe3 Rxg1 44. Qxg1 Bg7 45. Qg6 Qe7 46. Nxe7 1-0

[Event "Late-Titled-Tuesday-Blitz-September-26-2023"]
[Site "Chess.com"]
[Date "2023.09.26"]
[Round "5"]
[White "Firouzja2003"]
[Black "GaiozNigalidze"]
[Result "1-0"]
[WhiteElo "3087"]
[BlackElo "2727"]
[TimeControl "180+1"]
[EndTime "14:55:17 PDT"]
[Termination "Firouzja2003 won by resignation"]

1. e4 c5 2. Nf3 Nc6 3. d4 cxd4 4.
Nxd4 Nf6 5. Nc3 e5 6. Ndb5 d6 7. Nd5 Nxd5 8. exd5 Nb8 9. a4 a6 10. Na3 a5 11. Bb5+ Nd7 12. Qg4 h5 13. Qh3 Be7 14.
Nc4 g6 15. f4 O-O 16. f5 Nf6 17. O-O Nxd5 18. Qg3 Bh4 19. Qf3 Nb4 20. Bh6 Bxf5 21.
Ne3 Be6 22. Bxf8 Qxf8 23. Bc4 Qe7 24. Bxe6 Qxe6 25. Qxb7 Rf8 26. c3 Bg5 27. Nf5 Nc2 28. Rac1 Bxc1 29. Ne7+ Kg7 30. Rxc1 Ne3 31. Qa7 Ng4 32.
h3 Nf6 33. Nc6 Re8 34. Qxa5 d5 35. Qb5 e4 36. Nd4 Qe5 37. Rf1 e3 38. Qe2 h4 39.
Rf3 Re7 40. Nc6 Qe4 41. Nxe7 Qxe7 42. Qxe3 Qb7 43. Qd4 1-0

[Event "Late-Titled-Tuesday-Blitz-September-26-2023"]
[Site "Chess.com"]
[Date "2023.09.26"]
[Round "5"]
[White "egnfanclub"]
[Black "DefiantChair"]
[Result "1/2-1/2"]
[WhiteElo "2401"]
[BlackElo "2548"]
[TimeControl "180+1"]
[EndTime "14:55:18 PDT"]
[Termination "Game drawn by stalemate"]

1. e4 c5 2. Nc3 d6 3. f4 g6 4. Nf3 Bg7 5. Bb5+ Bd7 6. Bc4 Nc6 7. O-O e6 8. d3 Nge7 9. Qe1 Nd4 10. Nxd4 cxd4 11. Ne2 O-O 12. Bb3 f5 13. Ng3 Kh8 14. Bd2 Qc7 15. Rc1 e5 16. fxe5 dxe5 17. Bb4 Rae8 18.
exf5 Bxf5 19. Ne4 Bxe4 20. Qxe4 Rxf1+ 21. Rxf1 Nf5 22. g4 Ne3 23. Rf7 Qc8 24. h3 Nxc2 25. Bxc2 Qxc2 26. Qxb7 Rc8 27. Bc3 Rg8 28. Be1 Qe2 29.
Bg3 Qe3+ 30. Kg2 h6 31. Qe4 Qxe4+ 32. dxe4 Rd8 33. Kf2 d3 34. Ke1 Rd4 35. Kd2 Rxe4 36. Kxd3 Rd4+ 37. Ke3 Rd8 38. Rxa7 Rf8 39. Ke4 Rd8 40.
Bxe5 Re8 41. Rxg7 h5 42. Rxg6+ Kh7 43. gxh5 Rc8 44. Kf5 Rc1 45. Kg5 Rg1+ 46. Kf6 Rf1+ 47. Ke7 Rf7+ 48. Kxf7 1/2-1/2

[Event "Late-Titled-Tuesday-Blitz-September-26-2023"]
[Site "Chess.com"]
[Date "2023.09.26"]
[Round "5"]
[White "snowlord"]
[Black "HamedWafa4"]
[Result "1-0"]
[WhiteElo "2892"]
[BlackElo "2651"]
[TimeControl "180+1"]
[EndTime "14:55:19 PDT"]
[Termination "snowlord won on time"]

1. c4 e6 2. g3 f5 3. h4 Nf6 4. h5 b6 5. Bg2 Nc6 6. a3 Bb7 7. b4 Qc8 8. Nf3 a5 9. b5 Nd4 10. e3 Nxf3+ 11. Bxf3 Be7 12. Bb2 O-O 13. h6 g6 14. d3 Ng4 15. Nd2 Bf6 16. Bxf6 Nxf6 17. Qe2 d6 18. Rc1 e5 19. Bxb7 Qxb7 20. Qf3 e4 21.
Qg2 Rae8 22. Rh4 Qc8 23. d4 Kh8 24. Rh1 Ng4 25. Ke2 Qe6 26. Rc2 Rd8 27. Qg1 Qf6 28.
Qa1 Qg5 29. c5 dxc5 30. dxc5+ Qf6 31. Qxf6+ Nxf6 32. cxb6 cxb6 33. Nc4 Rd5 34. a4 Rc8 35. Rhc1 Rdc5 36. Kd2 Kg8 37. Nxb6 Rd8+ 38. Ke2 Rxc2+ 39. Rxc2 Ng4 40. Rc8 Rxc8 41. Nxc8 Kf7 42. Nd6+ Ke6 43. Nc4 Nxh6 44. Nxa5 Nf7 45. Nc4 Kd5 46. a5 1-0

[Event "Late-Titled-Tuesday-Blitz-September-26-2023"]
[Site "Chess.com"]
[Date "2023.09.26"]
[Round "5"]
[White "ferrufino64"]
[Black "Bilan_Danila"]
[Result "0-1"]
[WhiteElo "2206"]
[BlackElo "2515"]
[TimeControl "180+1"]
[EndTime "14:55:20 PDT"]
[Termination "Bilan_Danila won on time"]

1. e4 c6 2. d4 d5 3. Nc3 b5 4. exd5 b4 5. Nce2 cxd5 6. Ng3 Nf6 7. Nf3 e6 8. Ne5 Bd6 9. Bb5+ Bd7 10. Nxd7 Nbxd7 11.
O-O O-O 12. Bg5 Qc7 13. Bd3 Bf4 14. Bxf6 Nxf6 15. Qf3 a5 16. h3 Bxg3 17. fxg3 h6 18. g4 Qe7 19. Rae1 Rfd8 20. h4 Nh7 21. g3 Nf8 22. Kg2 Ra7 23. Rf2 Rc7 24. Re5 Nd7 25.
Re1 Nb6 26. b3 Nc8 27. Re5 Na7 28. g5 hxg5 29. Rxg5 Nc6 30. Qg4 f5 31. Qf4 Rcd7 32. h5 Qf6 33. Rg6 Qxd4 34. Qg5 Ne7 35. Rxe6 Nc8 36. h6 Rf8 37. Rf4 Qc3 38. Rg6 Qd2+ 39.
Kh3 Qc3 40. Rh4 Ne7 41. Rxg7+ Kh8 0-1

[Event "Late-Titled-Tuesday-Blitz-September-26-2023"]
[Site "Chess.com"]
[Date "2023.09.26"]
[Round "5"]
[White "PassedPawnMustPushed"]
[Black "HajiyevKanan"]
[Result "0-1"]
[WhiteElo "2140"]
[BlackElo "2512"]
[TimeControl "180+1"]
[EndTime "14:55:22 PDT"]
[Termination "HajiyevKanan won on time"]

1. e4 c6 2. d4 d5 3. e5 a6 4. f4 Nh6 5. Nf3 Bg4 6. h3 Bxf3 7. Qxf3 e6 8. Bd3 c5 9. c3 Nc6 10. Qf2 cxd4 11. cxd4 Nb4 12. Ke2 Qb6 13. Nc3 Nxd3 14.
Kxd3 Bb4 15. g4 Rc8 16. Bd2 O-O 17. f5 Bxc3 18. bxc3 exf5 19. gxf5 Kh8 20. f6 Qb5+ 21. Kc2 Qa4+ 22. Kd3 Rg8 23. Rhg1 Qb5+ 24. Kc2 Qa4+ 25. Kc1 Qa3+ 26. Kd1 Qa4+ 27. Ke1 Qc6 28. Qf4 gxf6 29. Kf2 fxe5 30. Qxh6 Qxh6 31. Bxh6 e4 32. Bg5 Rg6 33.
Ke3 Rxc3+ 34. Kf4 Rf3+ 35. Ke5 f6+ 36. Bxf6+ Rfxf6 37. Kxd5 Rf5+ 38. Kxe4 Rh5 39. Rxg6 hxg6 40. Rg1 Kg7 41. Rg3 Kf6 42. Rf3+ Ke6 43. Kd3 Rh4 44. Kc4 b5+ 45. Kc5 Rh5+ 46. Kb6 Rd5 47. Kxa6 b4 48. Rd3 Kf5 49. Kb6 Ke4 50. Rg3 g5 51. Rg4+ Kd3 52. Kc6 Kc4 53. h4 gxh4 54. Rxh4 Rf5 0-1

[Event "Late-Titled-Tuesday-Blitz-September-26-2023"]
[Site "Chess.com"]
[Date "2023.09.26"]
[Round "5"]
[White "Oleksandr_Bortnyk"]
[Black "moro182"]
[Result "0-1"]
[WhiteElo "3005"]
[BlackElo "2898"]
[TimeControl "180+1"]
[EndTime "14:55:24 PDT"]
[Termination "moro182 won by resignation"]

1. e4 e5 2. Nf3 Nc6 3. Bb5 a6 4. Ba4 d6 5. Nc3 Nf6 6. Bxc6+ bxc6 7. d4 exd4 8. Nxd4 c5 9. Nc6 Qd7 10. Na5 Be7 11. Qe2 O-O 12. Bd2 c6 13. O-O-O Qc7 14. Na4 Re8 15. f3 d5 16. e5 Bf8 17. Rhe1 c4 18.
Qf2 Nd7 19. f4 Rb8 20. Re3 Nc5 21. Nxc5 Bxc5 22. Qg3 Qb6 23. Nb3 Bxe3 24. Bxe3 Qb7 25. Nd4 c5 26. f5 Qxb2+ 27. Kd2 cxd4 28. Bf2 Qc3+ 29. Qxc3 dxc3+ 30. Kxc3 Bxf5 31. Rxd5 Rb5 32. Rd6 Rbxe5 33. Rxa6 Re2 34. Bd4 Rxc2+ 35. Kb4 Rb8+ 36. Kc5 h6 37. a4 Rxg2 38. Ra7 Rc8+ 39. Kb4 c3 40.
Bxc3 Rxh2 41. Be5 Re2 42. Bd6 Re6 43. Bg3 h5 44. Ka5 g5 45. Rb7 h4 46. Bb8 h3 47.
Rb5 Rxb8 48. Rxf5 Ra8+ 49. Kb5 g4 50. Rg5+ Rg6 51. Rh5 g3 52. Rxh3 g2 0-1

[Event "Late-Titled-Tuesday-Blitz-September-26-2023"]
[Site "Chess.com"]
[Date "2023.09.26"]
[Round "5"]
[White "Nf3c5"]
[Black "Taran2004"]
[Result "1/2-1/2"]
[WhiteElo "2591"]
[BlackElo "2450"]
[TimeControl "180+1"]
[EndTime "14:55:24 PDT"]
[Termination "Game drawn by stalemate"]

1. e4 c6 2. Nc3 d5 3. Nf3 dxe4 4. Nxe4 Nf6 5. Qe2 Nxe4 6. Qxe4 Qd5 7. Qh4 Bf5 8. Bc4 Qe4+ 9. Qxe4 Bxe4 10. Bxf7+ Kd8 11. Ng5 Bxc2 12. Be6 Bg6 13. Bf7 Bd3 14. Bh5 Bc4 15. d3 Bd5 16. Bf3 Bxf3 17. gxf3 Ke8 18. Ne6 Na6 19. f4 Kf7 20. f5 g6 21. Nd4 Bg7 22.
Be3 Rhd8 23. fxg6+ hxg6 24. Nf3 Bxb2 25. Rb1 Bc3+ 26.
Ke2 b5 27. h4 Bf6 28. a4 Nc7 29. Bf4 Nd5 30. Bd2 bxa4 31. d4 a3 32. Ra1 c5 33.
Rxa3 cxd4 34. Ng5+ Bxg5 35. hxg5 Rdc8 36. Kd3 e5 37. Ra6 Kg7 38. Re1 Re8 39. Rd6 Nb6 40. f4 exf4 41. Rh1 Rad8 42. Rf6 Nd5 43. Ra6 Re3+ 44.
Bxe3 dxe3 45. Rxa7+ Kg8 46. Rh6 f3 47. Rxg6+ Kf8 48.
Rh6 Kg8 49. Rg6+ Kf8 50. Rh6 Nf6+ 51. Kxe3 Ng4+ 52. Kxf3 Nxh6 53. gxh6 Kg8 54. Kg4 Rd5 55.
Rg7+ Kh8 56. Ra7 Rc5 57. Kh4 Rd5 58. Rf7 Rc5 59. Re7 Rd5 60. Kg4 Rc5 61. Rf7 Rd5 62. Rf5 Rxf5 63. Kxf5 Kh7 64. Kg5 Kh8 65. Kg6 Kg8 66. h7+ Kh8 67. Kh6 1/2-1/2

[Event "Late-Titled-Tuesday-Blitz-September-26-2023"]
[Site "Chess.com"]
[Date "2023.09.26"]
[Round "5"]
[White "ozates"]
[Black "ferdipy"]
[Result "0-1"]
[WhiteElo "2525"]
[BlackElo "2345"]
[TimeControl "180+1"]
[EndTime "14:55:27 PDT"]
[Termination "ferdipy won by resignation"]

1. e4 e6 2. d4 d5 3. Nd2 Nf6 4. e5 Nfd7 5. f4 c5 6. c3 Nc6 7. Ndf3 cxd4 8. cxd4 Qa5+ 9. Kf2 Be7 10. Bd3 Qb6 11. Ne2 f6 12. Be3 O-O 13. g3 fxe5 14.
dxe5 Bc5 15. Bxc5 Nxc5 16. Kg2 Bd7 17. Ng5 h6 18. Nf3 Qxb2 19. Kh3 Qa3 20. Ne1 Nb4 21. Bb1 Qb2 22. Nc2 Nxc2 23. Bxc2 Rac8 24. Bg6 Ba4 25.
Qe1 Bc2 26. Bxc2 Qxc2 27. Nd4 Qb2 28. Qe3 Ne4 29. Rhb1 Qc3 30. Qxc3 Rxc3 31. Rxb7 Rxf4 32. Nxe6 Rf7 33. Rb8+ Kh7 34. Nf8+ Kg8 35. Ng6+ Kh7 36. Nf4 Rxf4 37. e6 Ng5+ 38. Kg2 Re4 39. Rf1 Rxe6 40. h4 Re2+ 41. Rf2 Rxf2+ 42. Kxf2 Ne4+ 43. Ke2 Nxg3+ 44.
Kd2 Ne4+ 45. Ke2 Rh3 46. Ra8 Rh2+ 47. Ke3 Rxa2 48. Kf4 Nf6 49. Kf5 Ra4 50. Ke6 Rxh4 51. Kf7 Rf4 52. Rxa7 d4 53. Ra8 d3 54. Rd8 d2 55.
Ke6 Re4+ 56. Kf5 Re2 57. Rd3 Rf2+ 58. Ke6 Ne4 59. Rd8 Rf1 0-1

[Event "Late-Titled-Tuesday-Blitz-September-26-2023"]
[Site "Chess.com"]
[Date "2023.09.26"]
[Round "5"]
[White "Chempiblinka"]
[Black "vanyakuba"]
[Result "0-1"]
[WhiteElo "2196"]
[BlackElo "2384"]
[TimeControl "180+1"]
[EndTime "14:55:27 PDT"]
[Termination "vanyakuba won on time"]

1. Nf3 d5 2. c4 e6 3. g3 d4 4. Bg2 c5 5. O-O Nc6 6. d3 Nf6 7. e3 Be7 8. exd4 cxd4 9. Na3 O-O 10. Nc2 a5 11. b3 Nd7 12. Re1 Nc5 13. Rb1 Re8 14.
a3 Bf6 15. h4 h6 16. Qe2 Bd7 17. Bd2 a4 18. b4 Nb3 19. b5 Nxd2 20. Qxd2 Na5 21. Nfxd4 Qb6 22. Qe3 Qc5 23. Ne2 Qf8 24. Nb4 Rab8 25. Nd4 Red8 26. Nf3 b6 27. Ne5 Be8 28.
Nbc6 Bxc6 29. Nxc6 Nxc6 30. bxc6 Qd6 31. Rxb6 Bd4 32.
Rxb8 Bxe3 33. Rxd8+ Qxd8 34. Rxe3 Kf8 35. Kh2 Qb6 36.
Re1 Ke7 37. Rc1 Qc5 38. Rb1 Kf6 39. Rb7 g5 40. hxg5+ hxg5 41. c7 g4 42. d4 Qxc4 43.
Ra7 Qc3 44. d5 exd5 45. Bxd5 Ke5 46. Bg2 Qc5 47. Rb7 Kd6 0-1

[Event "Late-Titled-Tuesday-Blitz-September-26-2023"]
[Site "Chess.com"]
[Date "2023.09.26"]
[Round "5"]
[White "Alexei_Gubajdullin"]
[Black "rasmussvane"]
[Result "1-0"]
[WhiteElo "2719"]
[BlackElo "2979"]
[TimeControl "180+1"]
[EndTime "14:55:31 PDT"]
[Termination "Alexei_Gubajdullin won by checkmate"]

1. d4 d5 2. Nf3 e6 3. Bf4 c5 4. e3 Nc6 5. Nbd2 Bd6 6. Bg3 Nge7 7. Bd3 O-O 8. c3 cxd4 9. exd4 f6 10. O-O Bxg3 11. hxg3 e5 12. dxe5 fxe5 13. Bc2 e4 14. Nh2 Qb6 15. Nb3 Be6 16. Ng4 Nf5 17. a4 a5 18. Kh2 h5 19. Ne3 Nxe3 20. fxe3 Ne5 21. Qd4 Ng4+ 22. Kg1 Qc7 23. Rf4 g5 24. Nc5 Qd6 25.
Nxe4 Qe7 26. Rxf8+ Rxf8 27. Nc5 b6 28. Nxe6 Qxe6 29.
Bb3 Qxe3+ 30. Qxe3 Nxe3 31. Re1 Nf5 32. Bxd5+ Kg7 33. Re5 g4 34. Kh2 Kf6 35. Re6+ Kg5 36. Be4 h4 37. Re5 hxg3+ 38. Kg1 Kf4 39. Rxf5+ Rxf5 40.
Bxf5 Kxf5 41. Kf1 Kf4 42. Ke2 Ke4 43. Kd2 Ke5 44. Kd3 Kd5 45. b3 Ke5 46. Ke3 Kd5 47. Kf4 b5 48. axb5 Kc5 49. c4 Kb6 50. Kxg3 Kc5 51. Kxg4 Kb4 52. b6 Kxb3 53. b7 a4 54. b8=Q+ Ka2 55. Qb4 a3 56. c5 Ka1 57. Qxa3+ Kb1 58. Qc3 Ka2 59. c6 Kb1 60. c7 Ka2 61. c8=Q Kb1 62. Qb7+ Ka2 63. Qbb2# 1-0

[Event "Late-Titled-Tuesday-Blitz-September-26-2023"]
[Site "Chess.com"]
[Date "2023.09.26"]
[Round "5"]
[White "ritanovikova"]
[Black "azikom"]
[Result "1-0"]
[WhiteElo "2175"]
[BlackElo "2611"]
[TimeControl "180+1"]
[EndTime "14:55:33 PDT"]
[Termination "ritanovikova won on time"]

1. d4 c5 2. c3 e6 3. e4 d5 4.
exd5 Qxd5 5. Nf3 Nf6 6. Be2 Nc6 7. O-O cxd4 8. Nxd4 Nxd4 9. cxd4 Be7 10. Nc3 Qa5 11.
Bb5+ Bd7 12. Bxd7+ Nxd7 13. d5 Nc5 14. dxe6 Nxe6 15.
Qf3 Qa6 16. Nd5 Bd6 17. Bd2 O-O 18. Bc3 Rfd8 19. Qg4 Bf8 20. Nf6+ Kh8 21. Nh5 Qd3 22. Rad1 Qg6 23. Qf3 Ng5 24. Qg4 Ne4 25. Qh4 Rxd1 26. Rxd1 Nxc3 27. bxc3 Re8 28. g3 Qf5 29. Rd8 Rxd8 30.
Qxd8 Kg8 31. Nf4 Qb1+ 32. Kg2 Qxa2 33. Nd5 Qa3 34. c4 Qd6 35. Qa8 Qc6 36. Qxa7 h6 37.
Qa5 Qc5 38. Qa4 h5 39. h4 Qd4 40. Ne3 Qe4+ 41. Kg1 g6 42. Qb5 Qc6 43. Qb3 Bg7 44.
Qd3 1-0

[Event "Late-Titled-Tuesday-Blitz-September-26-2023"]
[Site "Chess.com"]
[Date "2023.09.26"]
[Round "5"]
[White "IMRosen"]
[Black "DonkyDonkyDonkey"]
[Result "1-0"]
[WhiteElo "2566"]
[BlackElo "2737"]
[TimeControl "180+1"]
[EndTime "14:55:34 PDT"]
[Termination "IMRosen won by resignation"]

1. d4 Nf6 2. Bf4 g6 3. Nc3 d5 4.
e3 Bg7 5. h4 h5 6. Nf3 O-O 7. Ne5 c5 8. dxc5 Nc6 9. Bb5 Bd7 10.
Nxd7 Qxd7 11. a3 a6 12. Ba4 Qf5 13. O-O Rad8 14. Bxc6 bxc6 15. Bg3 e5 16. Na4 Ne4 17. Bh2 d4 18. Qe2 Qe6 19. f3 Nf6 20. e4 Nd7 21. Rfd1 Qe7 22. b4 Qxh4 23. Nb6 Nxb6 24. cxb6 Bh6 25.
Qe1 Be3+ 26. Kh1 Bf2 27. g3 Bxe1 28. gxh4 Bc3 29. Rab1 f6 30. a4 Rb8 31. a5 Kf7 32. Rd3 Ke6 33. Kg2 Rfc8 34. Rxc3 dxc3 35. Bg1 Rd8 36.
Be3 Rb7 37. Rb3 Rd6 38. Rxc3 g5 39. hxg5 fxg5 40. Rb3 g4 41. fxg4 hxg4 42. c4 Rf7 43. b5 cxb5 44. cxb5 axb5 45. a6 Rdd7 46. b7 Rf8 47. Rxb5 Rb8 48. Ba7 Rd2+ 49. Kg3 Rd3+ 50. Kg2 Rd2+ 51. Kf1 Rh8 52. b8=Q Rh1+ 53. Bg1 Rd1+ 54.
Ke2 Rhxg1 55. Rb6+ Kf7 56. Qc7+ Rd7 57. Qxd7+ 1-0

[Event "Late-Titled-Tuesday-Blitz-September-26-2023"]
[Site "Chess.com"]
[Date "2023.09.26"]
[Round "5"]
[White "IgorBjelobrk"]
[Black "infinitegiantkiller"]
[Result "1-0"]
[WhiteElo "2602"]
[BlackElo "2447"]
[TimeControl "180+1"]
[EndTime "14:55:34 PDT"]
[Termination "IgorBjelobrk won by resignation"]

1. d4 Nf6 2. c4 c5 3. d5 e6 4. Nc3 exd5 5. cxd5 d6 6. Nf3 g6 7. g3 Bg7 8. Bg2 O-O 9. O-O Re8 10. Re1 h6 11. a4 Na6 12. Nd2 Nb4 13. Nc4 g5 14. e4 Bg4 15. f3 Bc8 16. Be3 Rb8 17. Qd2 a6 18. a5 Qe7 19. Na4 Bd7 20. Nab6 Bb5 21. Rac1 Nd7 22. b3 Nxb6 23. Nxb6 Nd3 24. Bf1 Nxe1 25. Rxe1 Bxf1 26. Rxf1 f5 27. Re1 fxe4 28.
Bf2 Qf7 29. fxe4 Rf8 30. Nc4 Rbd8 31. Kg2 Qg6 32. Qd3 Rf7 33. Ne3 Bd4 34. Nf5 Bxf2 35. Kxf2 Re8 36. g4 Qf6 37. Kg2 Re5 38. Re2 Kh7 39. h3 Rf8 40. Qc4 Rfe8 41. b4 Qd8 42. bxc5 dxc5 43. Qa4 Qc7 44. Kf3 c4 45. Qb4 c3 46. Qb3 Qxa5 47. Qxb7+ R8e7 48. Nxe7 Qb5 49. Qxb5 axb5 50. Nf5 b4 51. Nd4 Re8 52. Ke3 Rb8 53. Nb3 Ra8 54. Kd3 Ra3 55. Kc4 Ra1 56. Nxa1 1-0